 Dungeon Crawl Stone Soup version 0.27.0-1-g7a089689b8 (webtiles) character file.

Game seed: 15929195090280612961

137349 Crownlay the Devastator (level 16, 0/133 (134) HPs)
             Began as a Red Draconian Conjurer on Aug 13, 2021.
             Was a High Priest of Sif Muna.
             Shot with an arrow by a deep elf archer (23 damage)
             ... on level 1 of the Elven Halls on Aug 16, 2021.
             The game lasted 04:19:53 (41931 turns).

Crownlay the Devastator (Red Draconian Conjurer)   Turns: 41931, Time: 04:19:53

HP:   0/133 (134)   AC: 14    Str: 14      XL:     16   Next: 68%
MP:   29/32         EV: 12    Int: 19 (22) God:    Sif Muna [*****.]
Gold: 2595          SH:  8    Dex: 16      Spells: 6/39 levels left

rFire    + + +     SeeInvis .   g - +5 war axe of Rotation {venom, rPois rN+ rCorr Str+4}
rCold    . . .     Faith    +   U - +3 buckler
rNeg     + . .     Spirit   .   (armour unavailable)
rPois    +         Reflect  .   K - +2 hat
rElec    .         Harm     .   M - scarf {repulsion}
rCorr    +         Rampage  .   S - +2 pair of gloves
Will     +++..                  (no boots)
Stlth    ++........             i - amulet "Vostui" {Faith +Blink +Inv Int-4 Dex+7}
HPRegen  0.32/turn              a - ring of willpower
MPRegen  0.23/turn              W - ring "Noum" {Drain Fly rF++ Will+ Slay+4}

@: flying, lightly drained, repel missiles
A: breathe fire, AC +9, unfitting armour, fire resistance 1, cold-blooded
a: Breathe Fire, Renounce Religion, Evoke Blink, Evoke Invisibility, Channel
Magic, Forget Spell, Divine Exegesis


You were on level 1 of the Elven Halls.
You worshipped Sif Muna.
Sif Muna was extremely pleased with you.
You visited 5 branches of the dungeon, and saw 25 of its levels.
You also visited: Sewer and Bailey.

You collected 3747 gold pieces.
You spent 1152 gold pieces at shops.

Inventory:

Hand Weapons
 g - the +5 war axe of Rotation (weapon) {venom, rPois rN+ rCorr Str+4}
   (You took it off an efreet on level 12 of the Dungeon)

   It poisons the flesh of those it strikes.
   Str:       It affects your strength (+4).
   rPois:     It protects you from poison.
   rN:        It protects you from negative energy.
   rCorr:     It protects you from acid and corrosion.
 X - the +10 short sword "Ypnoinaz" {venom, rC+ MP-9 Dex+3}
   (You found it on level 6 of the Lair of Beasts)

   It poisons the flesh of those it strikes.
   Dex:       It affects your dexterity (+3).
   rC:        It protects you from cold.
   MP:        It affects your magic capacity (-9).
Missiles
 r - 2 throwing nets
 y - 5 boomerangs of dispersal
Armour
 H - a +2 cloak of poison resistance
 K - a +2 hat (worn)
 M - a scarf of repulsion (worn)
 S - a +2 pair of gloves (worn)
 U - a +3 buckler (worn)
Magical Staves
 e - a staff of earth
 B - a staff of conjuration
 J - a staff of death
Jewellery
 a - a ring of willpower (left hand)
 h - an amulet of regeneration
 i - the amulet "Vostui" (around neck) {Faith +Blink +Inv Int-4 Dex+7}
   (You took it off a death knight on level 12 of the Dungeon)

   [amulet of faith]

   It allows you to gain divine favour quickly.
   Int:       It affects your intelligence (-4).
   Dex:       It affects your dexterity (+7).
   +Inv:      It lets you turn invisible.
   +Blink:    It lets you blink.
 L - a ring of positive energy
 P - a ring of willpower
 W - the ring "Noum" (right hand) {Drain Fly rF++ Will+ Slay+4}
   (You acquired it on level 1 of the Elven Halls)

   [ring of flight]

   Slay:      It affects your accuracy & damage with ranged weapons and melee
   (+4).
   rF:        It greatly protects you from fire.
   Fly:       It grants you flight.
   Drain:     It drains your maximum health when unequipped.
   Will:      It increases your willpower.
Wands
 q - a wand of paralysis (13)
 s - a wand of flame (69)
 u - a wand of acid (8)
 N - a wand of polymorph (9)
 V - a wand of digging (5)
 Z - a wand of iceblast (7)
Scrolls
 c - a scroll of enchant armour
 d - 2 scrolls of summoning
 j - 6 scrolls of amnesia
 p - 3 scrolls of holy word
 v - a scroll of identify
 A - 3 scrolls of magic mapping
 D - 2 scrolls of torment
 E - 3 scrolls of fog
 G - 4 scrolls of enchant weapon
 O - 2 scrolls of fear
 R - 2 scrolls of immolation
 T - a scroll of vulnerability
Potions
 b - a potion of haste
 f - 4 potions of flight
 m - 4 potions of attraction
 n - 2 potions of resistance
 o - 9 potions of curing
 t - 7 potions of might
 w - 2 potions of brilliance
 x - 2 potions of berserk rage {unknown}
 z - 5 potions of ambrosia
 F - 4 potions of magic
 Q - a potion of mutation
Miscellaneous
 C - a condenser vane
 I - a phantom mirror


   Skills:
 - Level 10.2 Fighting
 - Level 1.7 Dodging
 - Level 1.7 Stealth
 - Level 4.0 Shields
 + Level 12.1 Spellcasting
 - Level 17.0 Conjurations
 - Level 15.0 Fire Magic
 - Level 7.4 Earth Magic
 + Level 10.8 Invocations
 - Level 8.0 Evocations


You had 6 spell levels left.
You knew the following spells:

 Your Spells              Type           Power      Damage    Failure   Level
a - Magic Dart            Conj           100%       1d8       0%          1
b - Searing Ray           Conj           100%       3d7       0%          2
c - Iskenderun's Battles  Conj           66%        2d12      1%          5
d - Fireball              Conj/Fire      32%        3d14      1%          5
e - Bolt of Magma         Conj/Fire/Erth 28%        4d13      1%          5
f - Starburst             Conj/Fire      32%        8x6d10    1%          6
g - Blink                 Tloc           N/A        N/A       9%          2
h - Orb of Destruction    Conj           33%        9d12      4%          7

Your spell library contained the following spells:

 Spells                   Type           Power      Damage    Failure   Level
 Foxfire                  Conj/Fire      100%       2x1d9     0%          1
 Shock                    Conj/Air       100%       1d9       1%          1
 Static Discharge         Conj/Air       43%        N/A       1%          2
 Conjure Flame            Conj/Fire      64%        6-21      1%          3
 Dazzling Flash           Conj/Hex       86%        N/A       1%          3
 Inner Flame              Hex/Fire       40%        N/A       1%          3
 Mephitic Cloud           Conj/Pois/Air  33%        N/A       1%          3
 Stone Arrow              Conj/Erth      100%       3d13      1%          3
 Fulminant Prism          Conj/Hex       21%        3d13      1%          4
 Hailstorm                Conj/Ice       43%        3d10      1%          4
 Iskenderun's Mystic Bla  Conj/Tloc      43%        2d10      1%          4
 Sticky Flame             Conj/Fire      64%        2d8       1%          4
 Ignite Poison            Fire/Tmut/Pois 30%        N/A       2%          3
 Irradiate                Conj/Tmut      21%        3d20      4%          5
 Lightning Bolt           Conj/Air       21%        1d36      4%          5
 Freeze                   Ice            44%        1d6       6%          1
 Sting                    Tmut/Pois      44%        1d5       6%          1
 Iron Shot                Conj/Erth      27%        9d6       6%          6
 Lee's Rapid Deconstruct  Erth           19%        3d12*     8%          5
 Poisonous Vapours        Pois/Air       22%        N/A       9%          2
 Slow                     Hex            11%        N/A       9%          2
 Sublimation of Blood     Necr           5%         N/A       9%          2
 Petrify                  Tmut/Erth      25%        N/A       13%         4
 Freezing Cloud           Conj/Ice/Air   16%        6-21      16%         5
 Confusing Touch          Hex            11%        N/A       19%         3
 Frozen Ramparts          Ice            22%        1d4       19%         3
 Lesser Beckoning         Tloc           5%         N/A       19%         3
 Swiftness                Air            11%        N/A       19%         3
 Conjure Ball Lightning   Conj/Air       21%        3x3d6     28%         6
 Borgnjor's Vile Clutch   Necr/Erth      12%        N/A       34%         5
 Ice Form                 Ice/Tmut       11%        N/A       52%         4
 Olgreb's Toxic Radiance  Pois           11%        N/A       52%         4
 Summon Ice Beast         Ice/Summ       11%        N/A       52%         4
 Summon Lightning Spire   Summ/Air       11%        N/A       52%         4
 Alistair's Intoxication  Tmut/Pois      7%         N/A       86%         5
 Blade Hands              Tmut           5%         N/A       86%         5
 Manifold Assault         Tloc           11%        N/A       86%         5
 Metabolic Englaciation   Hex/Ice        5%         N/A       86%         5
 Yara's Violent Unravell  Hex/Tmut       5%         3d4       86%         5
 Statue Form              Tmut/Erth      16%        N/A       89%         6
 Simulacrum               Ice/Necr       5%         N/A       100%        6
 Ignition                 Fire           31%        3d10      63%         8
 Spellforged Servitor     Conj/Summ      21%        N/A       83%         7
 Lehudib's Crystal Spear  Conj/Erth      27%        10d7      95%         8
 Storm Form               Tmut/Air       5%         N/A       100%        7
 Maxwell's Capacitive Co  Air            5%         ∞         100%        8
 Chain Lightning          Conj/Air       21%        3d28      100%        9
 Fire Storm               Conj/Fire      32%        8d8       100%        9
 Polar Vortex             Ice            5%         N/A       100%        9
 Animate Armour           Summ/Erth      Unusable   N/A       N/A         4

Dungeon Overview and Level Annotations

Branches:
Dungeon (13/15)            Temple (0/1) D:4            Lair (6/6) D:11
 Shoals (0/4) Lair:4       Spider (3/4) Lair:2        Slime (0/5) Lair:6
    Orc (2/2) D:11            Elf (1/3) Orc:2        Vaults (0/5) D:13
  Sewer (visited)          Bailey (visited)

Altars:
Cheibriados
Dithmenos
Kikubaaqudgha
Makhleb
Okawaru
Sif Muna
Uskayaw
Zin
Beogh
Jiyva

Shops:
Orc:2 [(*(!   Elf:1 [*

Annotations:
D:13 Rupert
Spider:2 Arachne


Innate Abilities, Weirdness & Mutations

You can breathe blasts of fire.
Your fiery red scales are hard. (AC +9)
You cannot fit into any form of body armour.
Your flesh is heat resistant. (rF+)
You are cold-blooded and may be slowed by cold attacks.


Message History

* * * LOW HITPOINT WARNING * * *
The orc sorcerer points at you and mumbles some strange words.
The bolt of negative energy hits the +0 scimitar of protection.
The +0 scimitar of protection completely resists.
The bolt of negative energy hits the +3 war axe of flaming.
The +3 war axe of flaming completely resists.
The bolt of negative energy hits you. You partially resist.
You feel drained.
* * * LOW HITPOINT WARNING * * *
Okay, then.
You feel yourself speed up. The +3 war axe of flaming hits you.
* * * LOW HITPOINT WARNING * * *
The +3 war axe of flaming hits you but does no damage.
The deep elf zephyrmancer points at you and mumbles some strange words.
The bolt of lightning hits the +0 scimitar of protection.
The +0 scimitar of protection completely resists.
The bolt of lightning hits the +3 war axe of flaming.
The +3 war axe of flaming completely resists.
The bolt of lightning hits you!!
* * * LOW HITPOINT WARNING * * *
Okay, then.
You blink.
As you read the scroll of teleportation, it crumbles to dust.
You feel strangely unstable.
Okay, then.
You fade into invisibility!
You are very lightly contaminated with residual magic.
There is an open door here.
Your surroundings suddenly seem different.
There is an open door here.
You flicker for a moment.
You flicker back into view.
Your magical contamination has completely faded away.
Your extra speed is starting to run out.
You feel yourself slow down.
A deep elf archer comes into view. It is wielding a +0 dagger.
There is an open door here.
The deep elf archer unwields a +0 dagger.
The deep elf archer wields a +0 shortbow.
The deep elf archer shoots an arrow.
The arrow hits you!!
You die...

.#.#.## #.# #...).....# ##..
....^.# #.# ###.)...### ##.
.....### #.# ##'##.### ##'#
.....).## #.# ##.##### ##.##
.>...##)###'####.## ######.##
........)##...#'## ###...#'##
.....#.##'.....## #....)..#
.......##....)..######.......#
.#.#.####.......@(...'.......#
.##### #.e.....######.......#
.# ##'.....## #.......#
##.##...## ###...'##
##.###+### #####.#### ##e##
##.##. # ##.## ##'.. ####.##
####### ##... ..#'## #.....#
##....


You could see a deep elf archer (repels missiles) and a +0 scimitar of
protection.

Vanquished Creatures
  Saint Roka (Orc:2)
  A ghost moth (Spider:1)
  An emperor scorpion (Spider:2)
  2 slime creatures (D:12)
  Snorg (Lair:5)
  3 entropy weavers
  A spark wasp (Spider:2)
  2 catoblepae
  Harold (D:7)
  6 boulder beetles
  10 hydras
  An ogre mage (D:12)
  4 death knights
  7 two-headed ogres
  4 death yaks (Lair:6)
  5 dancing weapons (Elf:1)
  An orc high priest (Orc:2)
  A deep troll shaman (Lair:6)
  5 deep elf knights (Elf:1)
  A skeletal warrior (D:12)
  2 deep elf archers (Elf:1)
  3 deep elf zephyrmancers (Elf:1)
  A phantasmal warrior (D:12)
  3 orc sorcerers
  14 orb spiders
  4 deep elf pyromancers
  A manticore (D:11)
  6 orc knights
  14 wolf spiders
  2 oklob plants
  3 cyclopes (D:12)
  Maurice (D:12)
  21 elephants
  6 black mambas
  6 torpor snails
  14 cane toads
  A gargoyle (D:12)
  3 kobold demonologists (D:11)
  2 rime drakes
  Psyche (D:8)
  11 komodo dragons
  4 unseen horrors
  2 efreet (D:12)
  3 freezing wraiths (D:12)
  7 demonic crawlers
  A yaktaur (D:12)
  A yaktaur (shapeshifter) (D:12)
  17 jumping spiders
  10 trolls
  2 merfolk
  2 polar bears
  A queen bee (D:8)
  The ghost of Skimidon the Chiller, an amateur GnIE (D:4)
  6 hornets
  8 blink frogs
  Sigmund (D:4)
  5 wraiths
  2 shadows
  18 tarantellas
  47 redbacks
  2 water elementals
  8 wyverns
  A wyvern (shapeshifter) (D:12)
  69 yaks
  A fire elemental (Elf:1)
  A golden eye (shapeshifter) (Elf:1)
  A basilisk (Lair:2)
  3 steam dragons
  9 humans
  3 vampire mosquitoes (D:12)
  Menkaure (D:7)
  2 wargs
  10 water moccasins
  42 orc warriors
  2 ice beasts (D:7)
  2 black bears
  A necrophage (D:5)
  6 sky beasts
  31 wolves
  6 ogres
  4 centaurs
  2 phantoms
  3 kobold brigands
  9 bullfrogs
  A gnoll sergeant (Orc:1)
  A wyvern zombie (D:8)
  A water moccasin zombie (D:5)
  4 scorpions
  24 killer bees
  5 wights (D:6)
  5 howler monkeys
  5 electric eels
  A bullfrog zombie (D:6)
  4 centaur zombies
  11 hounds
  2 jellies (D:7)
  A centaur skeleton (D:5)
  18 orc priests
  Crazy Yiuf (D:6)
  2 gnoll shamans
  A bullfrog skeleton (D:7)
  4 iguanas
  23 orc wizards
  6 hell rats (Lair:5)
  14 gnolls
  6 adders
  4 river rats
  A shadow imp (D:7)
  A white imp (D:6)
  An ufetubus (D:5)
  3 worms
  3 dart slugs
  99 orcs
  5 bats
  7 endoplasms
  4 giant cockroaches
  7 goblins
  6 hobgoblins
  5 jackals
  21 kobolds
  2 quokkas
  3 ball pythons
  2 frilled lizards (D:1)
  8 rats
856 creatures vanquished.

Vanquished Creatures (collateral kills)
  A jumping spider (Spider:1)
  3 redbacks (Spider:1)
4 creatures vanquished.

Vanquished Creatures (others)
  An orc (D:8)
  A fire vortex (Orc:2)
  33 fungi
  51 plants
86 creatures vanquished.

Grand Total: 946 creatures vanquished

Notes
Turn   | Place    | Note
-------+----------+-------------------------------------------
     0 | D:1      | Crownlay the Draconian Conjurer began the quest for the
                  | Orb.
     0 | D:1      | Reached XP level 1. HP: 14/14 MP: 3/3
   502 | D:1      | Found a faded altar of an unknown god.
   524 | D:1      | Reached XP level 2. HP: 20/20 MP: 0/5
  1680 | D:2      | Reached skill level 5 in Conjurations
  1787 | D:2      | Reached XP level 3. HP: 26/26 MP: 4/6
  1790 | D:2      | Learned a level 2 spell: Searing Ray
  2569 | D:3      | Reached XP level 4. HP: 30/33 MP: 1/7
  2725 | D:3      | Found a shimmering blue altar of Sif Muna.
  2750 | D:3      | Became a worshipper of Sif Muna the Loreminder
  3570 | D:4      | Reached skill level 6 in Conjurations
  3632 | D:4      | Found a staircase to the Ecumenical Temple.
  3632 | D:4      | Noticed an ogre
  3637 | D:4      | Killed an ogre
  3638 | D:4      | Reached XP level 5. HP: 38/38 MP: 2/8
  3935 | D:4      | Reached skill level 7 in Conjurations
  4072 | D:4      | Reached XP level 6. HP: 45/45 MP: 5/9
  4278 | D:4      | Noticed Sigmund
  4306 | D:4      | Killed Sigmund
  4307 | D:4      | Reached skill level 8 in Conjurations
  4307 | D:4      | Your scales start taking on a fiery red colour.
  4307 | D:4      | Reached XP level 7. HP: 15/50 MP: 0/10
  4307 | D:4      | Gained mutation: Your flesh is heat resistant. (rF+) [Red
                  | Draconian growth]
  4407 | D:4      | Found a glowing silver altar of Zin.
  4407 | D:4      | Found a burning altar of Makhleb.
  4407 | D:4      | Found an iron altar of Okawaru.
  4491 | D:4      | Found a runed translucent door.
  4491 | D:4      | Noticed Skimidon's ghost (amateur GnIE)
  4522 | D:4      | Killed Skimidon's ghost
  4522 | D:4      | Reached * piety under Sif Muna
  4523 | D:4      | Reached skill level 9 in Conjurations
  4586 | D:5      | Entered Level 5 of the Dungeon
  4679 | D:5      | Reached skill level 10 in Conjurations
  4762 | D:5      | Reached XP level 8. HP: 54/57 MP: 4/12
  4919 | D:4      | Reached skill level 5 in Spellcasting
  4919 | D:4      | Reached skill level 1 in Fighting
  5035 | D:5      | Found an ancient bone altar of Kikubaaqudgha.
  5085 | D:5      | Found a shadowy altar of Dithmenos.
  5610 | D:6      | Reached skill level 5 in Fighting
  5679 | D:6      | Reached XP level 9. HP: 58/75 MP: 8/16
  5835 | D:6      | Reached ** piety under Sif Muna
  5842 | D:6      | Found a glowing drain.
  5846 | Sewer    | Entered a sewer
  6131 | Sewer    | Found a white marble altar of Elyvilon.
  6307 | D:6      | Found a runed translucent door.
  6308 | D:6      | Noticed Crazy Yiuf
  7255 | D:7      | Noticed Harold
  7268 | D:7      | Killed Harold
  7269 | D:7      | Reached skill level 10 in Fighting
  7570 | D:7      | Noticed Menkaure
  7579 | D:7      | Killed Menkaure
  7703 | D:7      | Reached XP level 10. HP: 93/93 MP: 7/17
  8588 | D:8      | Noticed Psyche
  8590 | D:8      | Paralysed by Psyche for 2 turns
  8595 | D:8      | Reached *** piety under Sif Muna
  8602 | D:8      | Killed Psyche
  8603 | D:8      | Reached skill level 11 in Conjurations
  9912 | D:9      | Reached skill level 1 in Invocations
 10001 | D:9      | Reached skill level 1 in Evocations
 10243 | D:8      | Reached **** piety under Sif Muna
 10329 | D:9      | Reached skill level 5 in Invocations
 10549 | D:9      | Reached XP level 11. HP: 99/99 MP: 13/18
 10773 | D:9      | Reached skill level 5 in Evocations
 11090 | D:9      | Reached ***** piety under Sif Muna
 11358 | D:10     | Entered Level 10 of the Dungeon
 11381 | D:10     | Received a gift from Sif Muna
 11527 | D:10     | Reached skill level 1 in Fire Magic
 11583 | D:10     | Paralysed by a hornet for 2 turns
 11585 | D:10     | Noticed a two-headed ogre
 11613 | D:10     | Killed a two-headed ogre
 12177 | D:10     | You fall into a shaft and drop 3 floors!
 12377 | D:12     | Reached skill level 1 in Earth Magic
 12743 | D:12     | Noticed a boulder beetle
 12798 | D:12     | Killed a boulder beetle
 12799 | D:12     | Reached skill level 12 in Conjurations
 12946 | D:12     | Noticed Maurice
 12965 | D:12     | Killed Maurice
 13045 | D:12     | Noticed a phantasmal warrior
 13072 | D:12     | Killed a phantasmal warrior
 13138 | D:12     | Noticed a death knight
 13157 | D:11     | Found a staircase to the Orcish Mines.
 13170 | D:11     | Found a flagged portal.
 13170 | D:11     | Noticed a deep elf pyromancer
 13178 | D:11     | Killed a deep elf pyromancer
 13247 | Bailey   | Entered a bailey
 13495 | Bailey   | Acquired Caon's Handbook of Ashen Confrontation
 13503 | Bailey   | Learned a level 5 spell: Iskenderun's Battlesphere
 13572 | Bailey   | Learned a level 5 spell: Fireball
 13575 | Bailey   | Noticed an orc knight
 13578 | Bailey   | Received a gift from Sif Muna
 13579 | Bailey   | Reached XP level 12. HP: 106/106 MP: 4/20
 13803 | Bailey   | Got Sif Muna's Grimoire of Damaging Weightlessness {god
                  | gift}
 13996 | Bailey   | Learned a level 5 spell: Bolt of Magma
 14024 | Bailey   | Acquired a staff of conjuration
 14069 | D:11     | Noticed a two-headed ogre
 14079 | D:11     | Killed a two-headed ogre
 14228 | D:11     | Reached skill level 5 in Fire Magic
 14693 | D:11     | Found a staircase to the Lair.
 14834 | D:11     | Noticed a two-headed ogre
 14840 | D:11     | Killed a two-headed ogre
 15200 | D:11     | Got the Tome of Torrid Damage Dealing
 15910 | D:11     | Killed a death knight
 16417 | D:10     | Noticed a two-headed ogre
 16426 | D:10     | Killed a two-headed ogre
 17139 | D:6      | Killed Crazy Yiuf
 17304 | Lair:1   | Entered Level 1 of the Lair of Beasts
 17656 | Lair:1   | Reached XP level 13. HP: 113/113 MP: 18/26
 18274 | Lair:1   | Reached skill level 10 in Spellcasting
 18562 | Lair:1   | Received a gift from Sif Muna
 18563 | Lair:1   | Got Daxiex's Collected Works on Conjuration {god gift}
 18571 | Lair:1   | Learned a level 6 spell: Starburst
 19998 | Lair:2   | Reached skill level 10 in Fire Magic
 20026 | Lair:2   | Found a snail-covered altar of Cheibriados.
 20626 | Lair:2   | Reached skill level 13 in Conjurations
 21001 | Lair:2   | Found a hole to the Spider Nest.
 21794 | Lair:3   | Learned a level 2 spell: Blink
 21946 | Lair:3   | Identified the +9 scale mail "Ficw" {rElec rPois Will-
                  | Str+6}
 22722 | Lair:4   | Reached skill level 5 in Earth Magic
 23091 | Lair:4   | Reached XP level 14. HP: 119/121 MP: 17/28
 23163 | Lair:4   | HP: 2/121 [boulder beetle (25)]
 23166 | Lair:4   | Received a gift from Sif Muna
 23559 | Lair:4   | Found a staircase to the Shoals.
 24098 | Lair:4   | Reached skill level 14 in Conjurations
 24662 | Lair:5   | Noticed Snorg
 24670 | Lair:5   | Killed Snorg
 25603 | Lair:6   | Entered Level 6 of the Lair of Beasts
 25625 | Lair:6   | Found a viscous altar of Jiyva.
 25626 | Lair:6   | Found a staircase to the Slime Pits.
 26338 | Lair:6   | Reached skill level 15 in Conjurations
 26706 | Lair:6   | Reached skill level 1 in Shields
 27325 | Lair:6   | Identified the +10 short sword "Ypnoinaz" {venom, rC+ MP-9
                  | Dex+3}
 27338 | Lair:6   | Learned a level 7 spell: Orb of Destruction
 28199 | Orc:1    | Entered Level 1 of the Orcish Mines
 28307 | Orc:1    | Received a gift from Sif Muna
 28315 | Orc:1    | Got Sif Muna's Compendium of Destructive Toxins {god gift}
 28919 | Orc:2    | Entered Level 2 of the Orcish Mines
 29170 | Orc:2    | Reached XP level 15. HP: 108/126 MP: 2/29
 29519 | Orc:2    | Found Fuxak's General Store.
 29609 | Orc:2    | Bought a scroll of acquirement for 780 gold pieces
 29609 | Orc:2    | Bought a wand of iceblast (8) for 180 gold pieces
 29872 | Orc:2    | Found a staircase to the Elven Halls.
 29898 | Orc:2    | Noticed Saint Roka
 31286 | Orc:2    | Killed Saint Roka
 31564 | Orc:2    | Found Jetzypese's Antique Weapon Emporium.
 31801 | Orc:2    | Found Ysavi's Distillery.
 31910 | Orc:2    | Found Xoass's Antique Weapon Shop.
 31914 | Orc:2    | Found Joavvaowa's Antique Armour Boutique.
 33098 | D:12     | Received a gift from Sif Muna
 33101 | D:12     | Got Eniywnuolu's Handbook of Fiery Combat Magic {god gift}
 33740 | D:12     | Identified the +5 war axe of Rotation {venom, rPois rN+
                  | rCorr Str+4}
 33751 | D:12     | Identified the amulet "Vostui" {Faith +Blink +Inv Int-4
                  | Dex+7}
 33757 | D:12     | Reached skill level 16 in Conjurations
 34197 | D:13     | Found a gate to the Vaults.
 34197 | D:13     | Noticed Rupert
 34462 | Spider:1 | Entered Level 1 of the Spider Nest
 35770 | Spider:1 | Reached skill level 15 in Fire Magic
 36549 | Spider:1 | Reached XP level 16. HP: 114/134 MP: 20/30
 36551 | Spider:1 | Received a gift from Sif Muna
 36554 | Spider:1 | Got Sif Muna's Incunabulum of Earth {god gift}
 38133 | Spider:2 | Reached skill level 17 in Conjurations
 38888 | Spider:2 | Found a hide-covered altar of Uskayaw.
 38973 | Spider:2 | Received a gift from Sif Muna
 39077 | Spider:2 | Noticed Arachne
 39824 | Spider:3 | Reached skill level 10 in Invocations
 40167 | Elf:1    | Entered Level 1 of the Elven Halls
 40285 | Orc:2    | Bought a runed scarf for 192 gold pieces
 40533 | Elf:1    | Acquired 1175 gold pieces
 40537 | Elf:1    | Acquired the ring "Noum" {Drain Fly rF++ Will+ Slay+4}
 41700 | Elf:1    | Found Jiotry's Assorted Antiques.
 41783 | Elf:1    | Found Futitonn's Armour Boutique.
 41842 | Elf:1    | Received a gift from Sif Muna
 41846 | Elf:1    | HP: 1/133 [deep elf zephyrmancer/bolt of lightning (23)]
 41931 | Elf:1    | Shot with an arrow by a deep elf archer

Illustrated notes

Levels and vault maps discovered:
D:1:      dpeg_arrival_oval, layout_basic, shapermc_ecumenical_altar_gd
D:2:      layout_loops_corners
D:3:      layout_loops_ring, mainiacjoe_overflow_brackets
D:4:      layout_rooms, gammafunk_temple_overflow_claw,
          minmay_temple_entry_slanted, gammafunk_ghost_grave, uniq_sigmund
D:5:      layout_gridville, kennysheep_mini_moat, lemuel_round_altar
D:6:      layout_gridville, gup_sewer_entry_spiral, minmay_microvault,
          uniq_crazy_yiuf_cottage
D:7:      layout_basic, uniq_harold, uniq_menkaure
D:8:      layout_basic, uniq_psyche
D:9:      layout_roguey [special_room_bee]
D:10:     layout_gridville, hangedman_fish_farm
D:11:     layout_loops_cross, erik_lair_island, enter_bailey_2, grunt_decor_cap
D:12:     minmay_the_grid_triangle_9x9_recursive_3
          [minmay_the_grid_triangle_9x9_cache,
          minmay_the_grid_triangle_9x9_limited_checkers,
          minmay_the_grid_triangle_9x9_steps,
          minmay_the_grid_triangle_9x9_prize_insulated,
          minmay_the_grid_triangle_9x9_intruding_spiral,
          minmay_the_grid_triangle_9x9_zippers_horizontal,
          minmay_the_grid_triangle_9x9_alien,
          minmay_the_grid_triangle_9x9_shrine,
          minmay_the_grid_triangle_9x9_impossible_snake], layout_loops_ring,
          kennysheep_nondescript, hangedman_misty_isle, uniq_maurice
D:13:     layout_irregular_city, david_vaults_3, gammafunk_ghost_hydra_chop,
          st_stairs_5
Lair:1:   beast_lair_carwin_large_4, layout_layer_cave,
          chequers_serial_rivers_room_a, hibernation_bobbens,
          grunt_megastairs_5, minmay_lair_oklob_chamber
Lair:2:   layout_misc_corridors, spider_nest_entry_funnel_web,
          kennysheep_snail_temple, serial_bayou_shore_a
Lair:3:   layout_loops_ring
Lair:4:   layout_gridlike, elwin_shoals_entry_rooms
Lair:5:   layout_long_grid, uniq_snorg
Lair:6:   grunt_lair_end_beastmaster, layout_regular_city, slime_altar_1
Spider:1: layout_spider_delve, nicolae_spider_shape
Spider:2: nicolae_spider_hilbert_zone_6 [nicolae_spider_hilbert_4_sides_1_open,
          nicolae_spider_hilbert_4_sides_1_open,
          nicolae_spider_hilbert_4_sides_1_open,
          nicolae_spider_hilbert_4_sides_1_open,
          nicolae_spider_hilbert_4_sides_1_open,
          nicolae_spider_hilbert_4_sides_1_open,
          nicolae_spider_hilbert_4_sides_1_open],
          nicolae_spider_altar_of_dancing, uniq_arachne
Spider:3: layout_spider_delve
Orc:1:    layout_caves, basic_altar
Orc:2:    grunt_orc_community_town_hall, layout_caves,
          grunt_orc_community_big_house_1, grunt_orc_community_big_house_1,
          grunt_orc_community_house_1, grunt_orc_community_house_3,
          grunt_orc_community_house_1, grunt_orc_community_house_3,
          grunt_orc_community_house_1, serial_shops, nicolae_diamond_shop,
          basic_altar
Elf:1:    layout_geoelf_octagon, serial_shops,
          nicolae_shop_competitors_out_of_business, nicolae_shop_behind_doors,
          minivault_28, st_stairs_4, corexii_hall_statues_i

Skill      XL: |  1  2  3  4  5  6  7  8  9 10 11 12 13 14 15 16 |
---------------+-------------------------------------------------+-----
Conjurations   | 5 6 7 8 10 11 12 13 15 16 17 | 17.0
Spellcasting   | 5 9 10 12 | 12.1
Fighting       | 5 10 | 10.2
Invocations    | 5 8 10 | 10.8
Evocations     | 4 8 |  8.0
Fire Magic     | 3 7 11 13 15 | 15.0
Earth Magic    | 2 5 6 7 |  7.4
Shields        | 4 |  4.0
Dodging        | |  1.7
Stealth        | |  1.7

Action                   |  1- 3 |  4- 6 |  7- 9 | 10-12 | 13-15 | 16-18 || total
-------------------------+-------+-------+-------+-------+-------+-------++-------
Melee: Club              |    38 |       |       |       |       |       ||    38
       Unarmed           |     9 |       |       |     9 |       |       ||    18
       Tailslap          |     4 |     2 |     7 |    14 |     8 |     2 ||    37
       Whip              |       |    33 |   138 |   101 |       |       ||   272
       Staff             |       |       |       |     7 |    82 |     6 ||    95
       War axe           |       |       |       |       |       |     2 ||     2
Throw: Boomerang         |       |       |       |     3 |       |       ||     3
       Dart              |       |       |       |     4 |     7 |       ||    11
 Cast: Magic Dart        |    68 |    56 |   124 |   173 |   393 |    80 ||   894
       Searing Ray       |       |     6 |    34 |   156 |   227 |    41 ||   464
       Iskenderun's Batt |       |       |       |     4 |   176 |    51 ||   231
       Fireball          |       |       |       |     5 |     5 |     3 ||    13
       Bolt of Magma     |       |       |       |     6 |    61 |    32 ||    99
       Starburst         |       |       |       |       |    15 |     6 ||    21
       Orb of Destructio |       |       |       |       |    11 |     2 ||    13
       Fire Storm        |       |       |       |       |     1 |       ||     1
       Blink             |       |       |       |       |     1 |       ||     1
Invok: Divine Exegesis   |       |       |       |       |     1 |       ||     1
 Abil: Breathe Fire      |       |       |     2 |       |       |       ||     2
       Evoke Blink       |       |       |       |       |       |     1 ||     1
Evoke: Wand              |       |       |       |    27 |     7 |     4 ||    38
       Condenser vane    |       |       |       |     1 |       |       ||     1
  Use: Scroll            |     3 |       |     3 |    16 |    13 |     4 ||    39
       Potion            |       |     1 |       |     8 |     3 |     4 ||    16
 Stab: Paralysed         |       |       |       |    11 |       |       ||    11
Armor: Skin              |    32 |    41 |    78 |   147 |   311 |   106 ||   715
Dodge: Dodged            |    51 |    53 |   129 |   282 |   359 |    78 ||   952
Block: Buckler           |       |       |       |       |   133 |    67 ||   200
